 Dungeon Crawl Stone Soup version 0.19-a0-1225-gf887c1c (webtiles) character file.

282 MrRokkomies the Skirmisher (level 6, -5/57 HPs)
             Began as a Ghoul Monk on Aug 26, 2016.
             Was a Follower of Ru.
             Slain by Schizzik's ghost (6 damage)
             ... on level 4 of the Dungeon.
             The game lasted 00:08:53 (2321 turns).

MrRokkomies the Skirmisher (Ghoul Monk)             Turns: 2321, Time: 00:08:54

Health: -5/57      AC: 11    Str: 14 (16) XL:     6   Next: 28%
Magic:  5/5        EV: 10    Int:  8 (10) God:    Ru [*.....]
Gold:   137        SH:  0    Dex: 12      Spells: 0 memorised, 5 levels left

rFire  . . .     SeeInvis .       - Unarmed
rCold  + . .     Gourm    .     h - +0 scale mail
rNeg   + + +     Faith    .     (no shield)
rPois  ∞         Spirit   .     (no helmet)
rElec  .         Dismiss  .     o - +0 cloak
rCorr  .         Reflect  .     (no gloves)
MR     .....     Harm     .     a - +0 pair of boots
Stlth  +.........               (no amulet)
                                (no ring)
                                n - +3 ring of protection

@: brilliant, rotting
A: rotting body, claws 1, carnivore 3, cold resistance 1, negative energy
resistance 3, slow regeneration 1, torment resistance, unbreathing, hated by
all, no air magic, no hexes magic, no summoning magic
a: Renounce Religion


You were on level 4 of the Dungeon.
You worshipped Ru.
Ru was aware of your devotion.
You were not hungry.

You visited 1 branch of the dungeon, and saw 4 of its levels.

You collected 137 gold pieces.

Inventory:

Missiles
 e - 51 sling bullets
 f - 8 poisoned needles
 i - a throwing net (quivered)
Armour
 a - a +0 pair of boots (worn)
 h - a +0 scale mail (worn)
 o - a +0 cloak (worn)
Jewellery
 n - a +3 ring of protection (left claw)
Scrolls
 c - 3 scrolls of recharging
 g - a scroll of amnesia
 j - 2 scrolls of identify
 m - 2 scrolls of remove curse
Potions
 d - a potion of resistance
Comestibles
 b - 4 meat rations
 k - a beef jerky
 l - a chunk of flesh


   Skills:
 * Level 5.7 Fighting
 - Level 2.6 Dodging
 - Level 2.1 Stealth
 * Level 5.7 Unarmed Combat


You had 5 spell levels left.
You didn't know any spells.

Dungeon Overview and Level Annotations

Branches:
Dungeon (4/15)             Temple (0/1) D:4

Altars:
Ashenzari
Gozag
Ru

Annotations:
D:4 Schizzik's ghost, amateur DsGl


Innate Abilities, Weirdness & Mutations

Your body is rotting away.
You thrive on raw meat.
You are immune to poison.
You have sharp fingernails.
You are carnivorous and can eat meat at any time.
Your flesh is cold resistant. (rC+)
You are immune to negative energy. (rN+++)
You regenerate slowly when monsters are visible.
You are immune to unholy pain and torment.
You can survive without breathing.
You are hated by all.
You cannot study or cast Air magic.
You cannot study or cast Hexes magic.
You cannot study or cast Summoning magic.


Message History

You claw Schizzik's ghost!
Schizzik's ghost is almost destroyed.
Schizzik's ghost hits you.
* * * LOW HITPOINT WARNING * * *
You closely miss Schizzik's ghost.
Schizzik's ghost is almost destroyed.
You closely miss Schizzik's ghost.
Schizzik's ghost is almost destroyed.
Schizzik's ghost barely misses you.
You barely miss Schizzik's ghost.
Schizzik's ghost is almost destroyed.
Schizzik's ghost hits you.
* * * LOW HITPOINT WARNING * * *
You closely miss Schizzik's ghost.
Schizzik's ghost is almost destroyed.
Schizzik's ghost barely misses you.
You scratch Schizzik's ghost but do no damage.
Schizzik's ghost is almost destroyed.
Schizzik's ghost hits you.
You die...

.....##.'......#
.##.>####......#
....##**####...##
.####,,,***###.># .#
*,,,,,* #..# .# *,..,,*
#..# (# *,....####..# .#
**..........####
.#****....##....@Wl#
..,,,,.,,**#....##.#
#.,,,,,*** #...(#*,#**
*,,,,,,* **#.....,,,,*
*,,,,,,* *.......#,*,*
,,****,* ###......,,,*
*,****,* #.......,,*****
,,,,,,,* #....##..,,,,,*
*,**********,****,,,,,,,,*


You could see an iguana and Schizzik's ghost.

Vanquished Creatures
  Menkaure (D:4)
  An orc wizard (D:2)
  3 gnolls (D:3)
  3 adders
  2 worms
  2 dart slugs
  2 giant geckos
  2 orcs (D:4)
  4 bats
  8 giant cockroaches
  11 hobgoblins
  6 kobolds
  A quokka (D:2)
  A giant gecko skeleton (D:4)
  2 giant newts (D:1)
  8 goblins
  5 rats
62 creatures vanquished.

Notes
Turn   | Place    | Note
-------+----------+-------------------------------------------
     0 | D:1      | MrRokkomies the Ghoul Monk began the quest for the Orb.
     0 | D:1      | Reached XP level 1. HP: 19/19 MP: 0/0
    58 | D:1      | Reached XP level 2. HP: 21/26 MP: 1/1
   271 | D:1      | Reached XP level 3. HP: 26/33 MP: 2/2
   772 | D:2      | Found a sacrificial altar of Ru.
   788 | D:2      | Reached XP level 4. HP: 32/40 MP: 3/3
   798 | D:2      | Became a worshipper of Ru the Awakened
   806 | D:2      | Gained mutation: You cannot study or cast Air magic. [Ru sacrifice]
   806 | D:2      | Gained mutation: You cannot study or cast Hexes magic. [Ru sacrifice]
   806 | D:2      | Gained mutation: You cannot study or cast Summoning magic. [Ru sacrifice]
   806 | D:2      | Reached * piety under Ru
  1501 | D:3      | You fall through a shaft!
  1536 | D:4      | Found a shattered altar of Ashenzari.
  1536 | D:4      | Found an opulent altar of Gozag.
  1626 | D:4      | Noticed Menkaure
  1653 | D:4      | Killed Menkaure
  1653 | D:4      | Reached skill level 5 in Fighting
  1653 | D:4      | Reached skill level 5 in Unarmed Combat
  1653 | D:4      | Reached XP level 5. HP: 44/48 MP: 4/4
  1654 | D:4      | Reached XP level 6. HP: 52/56 MP: 5/5
  2274 | D:4      | Found a staircase to the Ecumenical Temple.
  2275 | D:4      | Gained mutation: You are hated by all. [Ru sacrifice]
  2290 | D:4      | Noticed Schizzik's ghost (amateur DsGl)
  2319 | D:4      | HP: 1/57 [Schizzik's ghost (3)]
  2321 | D:4      | Slain by Schizzik's ghost

Vault maps used:
D:1:      kennysheep_arrival_seaside
D:2:      first_bread, nicolae_ru_great_annihilating_truth
D:4:      gammafunk_temple_overflow_wave, uniq_menkaure

Skill      XL: |  1  2  3  4 |
---------------+-------------+-----
Fighting       | 4 5 |  5.7
Unarmed Combat | 4 5 |  5.7
Dodging        | |  2.6
Stealth        | |  2.1

Action                   |  1- 3 |  4- 6 || total
-------------------------+-------+-------++-------
Melee: Unarmed           |    91 |   134 ||   225
       Punch             |     1 |       ||     1
Invok: Sacrifice Arcana  |       |     1 ||     1
       Sacrifice Love    |       |     1 ||     1
  Use: Scroll            |     4 |     4 ||     8
       Potion            |       |     4 ||     4
 Stab: Sleeping          |     2 |       ||     2
       Paralysed         |     2 |       ||     2
  Eat: Chunk             |     4 |     4 ||     8
Armor: Robe              |    10 |       ||    10
       Scale mail        |     8 |    43 ||    51
Dodge: Dodged            |    63 |    62 ||   125
